 Dungeon Crawl Stone Soup version 0.31.0-9-g3a7656b989 (webtiles) character file.

Game seed: 13369245458019351665

3817 Kenran the Grappler (level 10, -5/96 HPs)
             Began as a Naga Shapeshifter on Jan 31, 2024.
             Was an Elder of Cheibriados.
             Killed by divine providence
             ... invoked by Jeremiah
              (14 damage)
             ... on level 8 of the Dungeon.
             The game lasted 00:13:29 (6513 turns).

Kenran the Grappler (Naga Shapeshifter)             Turns: 6513, Time: 00:13:30

Health: -5/96      AC:  6    Str: 28    XL:     10   Next: 17%
Magic:  12/12      EV:  9    Int: 21    God:    Cheibriados [****..]
Gold:   200        SH:  0    Dex: 23    Spells: 9/9 levels left

rFire   . .          .
                       - Unarmed
rCold   . . .        (no shield)
rNeg    . . .        n - +0 scale mail
rPois   +            (helmet currently unavailable)
rElec   .            (cloak currently unavailable)
rCorr   .            (gloves currently unavailable)
SInv    +            (no barding)
Will    +....        a - amulet of faith {!P}
Stlth   +            (no ring)
HPRegen 0.36/turn    (no ring)
MPRegen 0.13/turn

%: faith
@: beast-form, very slow
A: beast (slay +1), AC +3, large, see invisible, deformed body, poison
resistance, slowness 2, spit poison 1, naga tail 1
a: Spit Poison, Begin Untransformation, Renounce Religion, Bend Time, Temporal
Distortion, Slouch


You were on level 8 of the Dungeon.
You worshipped Cheibriados.
Cheibriados was greatly pleased with you.
You were a hulking beast.
You visited 1 branch of the dungeon, and saw 8 of its levels.

You collected 314 gold pieces.
You spent 114 gold pieces at shops.

Inventory:

Armour
 j - a +0 pair of gloves
 n - a +0 scale mail (worn)
 q - a +1 hat
Jewellery
 a - an amulet of faith (around neck) {!P}
Talismans
 b - a maw talisman
 c - a beast talisman
 z - a flux talisman
Wands
 d - a wand of iceblast (9)
 t - a wand of charming (8)
Scrolls
 e - 2 scrolls of fog
 i - a scroll of revelation
 k - a scroll of fear
 m - a scroll of enchant armour
 r - 2 scrolls of vulnerability {!r}
 s - a scroll of enchant weapon
 u - a scroll of blinking
 y - a scroll of silence {unknown}
Potions
 f - 2 potions of brilliance {unknown}
 g - 2 potions of heal wounds {@q2}
 h - a potion of curing {unknown}
 l - 3 potions of ambrosia {unknown}
 o - a potion of attraction {unknown}
 p - 2 potions of might {unknown}
 w - 2 potions of enlightenment {unknown}
 x - a potion of haste


   Skills:
 + Level 7.8 Fighting
 - Level 2.0 Dodging
 - Level 12.0 Unarmed Combat
 - Level 3.0 Invocations
 - Level 3.0 Shapeshifting


You had 9 spell levels left.
You didn't know any spells.
Your spell library contained the following spells:

 Spells                   Type           Power      Damage    Failure   Level
 Kiss of Death            Conj/Necr      0%         2d5       38%         1
 Magic Dart               Conj           0%         1d3       38%         1
 Jinxbite                 Hex            0%         N/A       52%         2
 Searing Ray              Conj           0%         2d4       52%         2
 Confusing Touch          Hex            0%         N/A       77%         3
 Tukima's Dance           Hex            0%         N/A       77%         3
 Dispel Undead            Necr           0%         3d6       99%         4
 Fulminant Prism          Conj/Alch      0%         3d5       99%         4
 Passage of Golubria      Tloc           0%         N/A       99%         4
 Yara's Violent Unravell  Hex/Alch       0%         3d3       100%        5
 Enfeeble                 Hex            0%         N/A       100%        7


Dungeon Overview and Level Annotations

Branches:
Dungeon (8/15)             Temple (0/1) D:6
   Lair: D:8-11

Altars:
Cheibriados
Hepliaklqana
Makhleb
Ru
Sif Muna
Zin

Shops:
D:1 !   D:4 ?   D:5 *

Annotations:
D:8 Jeremiah


Innate Abilities, Weirdness & Mutations

You are a hulking beast.
Your limbs bulge with bestial killing power. (Slay +1)
Your serpentine skin is tough. (AC +3)
You have supernaturally acute eyesight. (SInv)
Armour fits poorly on your strangely shaped body.
Your system is resistant to poisons. (rPois)
You cover ground very slowly.
You can spit poison.
You have a snake-like lower body.


Message History

The centaur shouts!
Jeremiah shouts!
You hear a shout!
The centaur shoots an arrow.
The arrow hits you!
The centaur shoots an arrow.
The arrow barely misses you.
The centaur shoots an arrow.
The arrow hits you but does no damage.
The centaur shoots an arrow.
The arrow hits you.
The centaur shoots an arrow.
The arrow closely misses you.
The centaur shoots an arrow.
The arrow barely misses you.
Jeremiah trails rainbows from their fingertips.
The centaur shoots an arrow.
The arrow hits you.
The centaur shoots an arrow.
The arrow closely misses you.
The centaur shoots an arrow.
The arrow hits you!
The centaur shoots an arrow.
The arrow hits you! The orc hits you with a +0 flail. The centaur hits you.
The centaur kicks you but does no damage.
An orc comes into view. It is wielding a +0 whip.
The orc hits you with a +0 flail.
The centaur wields a +0 orcbow.
The centaur shoots an arrow.
The arrow hits you!
The centaur shoots an arrow.
The arrow hits you.
Jeremiah asks, "Where am I?
Why are you fighting me?"
The centaur shoots an arrow.
The arrow barely misses you.
The centaur shoots an arrow.
The arrow barely misses you.
The centaur shoots an arrow.
The arrow completely misses you.
You see here a +0 mace.
The butterfly disappears in a burst of colours!
The centaur shoots an arrow.
The arrow barely misses you.
The centaur shoots an arrow.
The arrow barely misses you.
The centaur shoots an arrow.
The arrow hits you!
The centaur shoots an arrow.
The arrow hits you!
* * * LOW HITPOINT WARNING * * *
The centaur shoots an arrow.
The arrow barely misses you.
As you read the scroll of fear, it crumbles to dust.
You assume a fearsome visage.
The centaur looks frightened! x2
The orc looks frightened!
Jeremiah lets out a twisted cry.
Something smites you!
* * * LOW HITPOINT WARNING * * *
Jeremiah cries, "Fearful master, protect me!"
Something smites you!
You die...
Jeremiah wails, "I didn't mean to kill anyone!
I'm not a murderer!"

..... .....########
#...........#
#...........#
#...........#
#...........#
#......<....#######
##.####'###.......#
#.# #h####### ..≈.
#.# #o# .# .b≈. #.#
#.# .#...≈≈ #.#
#o#####.#o..≈≈
#.###.#)....b.#.≈≈
#....bb....b....≈≈
#.#..bF...#oFb..≈≈
#........b#.#.
░...#.#.#.#b#


You could see Jeremiah and 2 orcs.

Vanquished Creatures
  Pikel (D:7)
  Maurice (D:7)
  A yak (D:7)
  A steam dragon (D:7)
  A black bear (D:5)
  Duvessa (D:7)
  An ice beast (D:7)
  An orc warrior (D:5)
  An ogre (D:5)
  2 centaurs (D:7)
  A lemure (D:7)
  3 phantoms
  Blork the orc (D:5)
  A bullfrog (D:7)
  A gnoll sergeant (D:7)
  Dowan (D:7)
  8 wights (D:7)
  An electric eel (D:6)
  7 hounds
  2 bombardier beetles
  4 jellies
  2 gnoll boudas
  Ijyb (D:4)
  A sleepcap (D:6)
  Terence (D:2)
  5 iguanas
  6 orc wizards
  11 gnolls
  5 adders
  2 white imps (D:7)
  2 ufetubi (D:6)
  2 ribbon worms (D:4)
  3 dart slugs
  19 orcs
  6 ball pythons
  A bat (D:3)
  9 endoplasms
  2 giant cockroaches (D:1)
  6 goblins
  5 hobgoblins
  4 quokkas
  4 frilled lizards
  5 kobolds
  6 rats
149 creatures vanquished.

Vanquished Creatures (collateral kills)
  A water moccasin (D:7)
1 creature vanquished.

Vanquished Creatures (others)
  An orc wizard (D:5)
1 creature vanquished.

Grand Total: 151 creatures vanquished

Notes
Turn   | Place    | Note
-------+----------+-------------------------------------------
     0 | D:1      | Kenran the Naga Shapeshifter began the quest for the Orb.
     0 | D:1      | Reached XP level 1. HP: 18/18 MP: 1/1
   239 | D:1      | Reached XP level 2. HP: 22/25 MP: 2/2
   262 | D:1      | Found Rujapumn's Distillery.
   548 | D:1      | Reached skill level 4 in Unarmed Combat
   591 | D:1      | Reached XP level 3. HP: 29/31 MP: 3/3
   910 | D:2      | Noticed Terence
   915 | D:2      | Killed Terence
   916 | D:2      | Reached XP level 4. HP: 38/38 MP: 4/4
  1309 | D:3      | Reached skill level 5 in Unarmed Combat
  1389 | D:3      | Found a sacrificial altar of Ru.
  1432 | D:3      | Found a shimmering blue altar of Sif Muna.
  1446 | D:3      | Reached XP level 5. HP: 40/44 MP: 5/5
  1536 | D:3      | Found a snail-covered altar of Cheibriados.
  1548 | D:3      | Became a worshipper of Cheibriados the Contemplative
  1642 | D:3      | Found a burning altar of Makhleb.
  1861 | D:4      | Reached skill level 6 in Unarmed Combat
  1872 | D:4      | Noticed a phantom
  1882 | D:4      | Killed a phantom
  1883 | D:4      | Reached XP level 6. HP: 47/52 MP: 6/6
  1924 | D:4      | Reached * piety under Cheibriados
  2095 | D:4      | Noticed Ijyb
  2131 | D:4      | Killed Ijyb
  2515 | D:4      | Found Qeasy's Magic Scroll Emporium.
  2518 | D:4      | Bought a scroll of identify for 24 gold pieces
  2518 | D:4      | Bought a scroll of blinking for 90 gold pieces
  2638 | D:5      | Entered Level 5 of the Dungeon
  2660 | D:5      | Reached skill level 7 in Unarmed Combat
  2729 | D:5      | Reached XP level 7. HP: 62/62 MP: 7/7
  3089 | D:5      | Reached skill level 8 in Unarmed Combat
  3089 | D:5      | Reached skill level 1 in Invocations
  3243 | D:5      | Found Zin's Purification Station.
  3243 | D:5      | Found a glowing silver altar of Zin.
  3252 | D:5      | Reached XP level 8. HP: 54/69 MP: 8/10
  3285 | D:5      | Reached ** piety under Cheibriados
  3506 | D:5      | Noticed Blork the orc
  3513 | D:5      | Killed Blork the orc
  3617 | D:5      | Reached skill level 9 in Unarmed Combat
  3983 | D:6      | Found a staircase to the Ecumenical Temple.
  3988 | D:6      | Reached *** piety under Cheibriados
  4259 | D:6      | Reached skill level 10 in Unarmed Combat
  4857 | D:7      | Reached XP level 9. HP: 75/79 MP: 11/11
  4858 | D:7      | Noticed Duvessa
  4864 | D:7      | Killed Duvessa
  4864 | D:7      | Noticed Dowan
  4872 | D:7      | Reached skill level 5 in Fighting
  4879 | D:7      | Killed Dowan
  5182 | D:7      | Reached skill level 11 in Unarmed Combat
  5448 | D:7      | Noticed Maurice
  5457 | D:7      | Maurice stole a flux talisman
  5459 | D:7      | Maurice stole 65 gold
  5460 | D:7      | Maurice stole 123 gold
  5461 | D:7      | Killed Maurice
  5569 | D:7      | Found a hazy altar of Hepliaklqana.
  5589 | D:7      | Reached **** piety under Cheibriados
  5593 | D:7      | Reached skill level 12 in Unarmed Combat
  5871 | D:7      | Noticed Pikel
  5882 | D:7      | Killed Pikel
  5883 | D:7      | Reached XP level 10. HP: 77/94 MP: 12/12
  6503 | D:8      | Noticed Jeremiah
  6513 | D:8      | Killed from afar by Jeremiah

Illustrated notes

Levels and vault maps discovered:
D:1:      lemuel_arrival_broad_hall, layout_basic, serial_shops,
          nicolae_shop_peninsula
D:2:      layout_loops_ring, uniq_terence
D:3:      layout_basic, lemuel_crystal_altar, mainiacjoe_overflow_24_doors,
          nicolae_ru_great_annihilating_truth, mainiacjoe_overflow_brackets,
          eino_tiny_chamber, minmay_misc_feat_rows
D:4:      layout_basic, serial_shops, nicolae_shop_rolled_up,
          hangedman_abyss_or_decor_slice, grunt_decor_clamped,
          kennysheep_generic_room_11, uniq_ijyb
D:5:      layout_basic, zin_purify, roderic_roman_lattice, dreamdust_gnoll_farm,
          uniq_blork_the_orc
D:6:      layout_rooms, minmay_temple_entry_fiery, fountainhead
D:7:      layout_basic, minmay_ruined_shrine, uniq_maurice, uniq_pikel,
          uniq_duvessa
D:8:      layout_basic, mainiacjoe_overflow_alcove_4,
          mainiacjoe_overflow_catwalk, chequers_serial_rivers_room_a,
          uniq_jeremiah

Skill      XL: |  1  2  3  4  5  6  7  8  9 |
---------------+----------------------------+-----
Unarmed Combat | 4 5 6 7 8 10 12 | 12.0
Fighting       | 2 3 4 7 |  7.8
Invocations    | 3 |  3.0
Dodging        | 2 |  2.0
Shapeshifting  | |  3.0

Action                     |  1- 3 |  4- 6 |  7- 9 | 10-12 || total
---------------------------+-------+-------+-------+-------++-------
  Melee: Unarmed           |    56 |   123 |   210 |    29 ||   418
         Punch             |     1 |     5 |    17 |     3 ||    26
Ability: Spit Poison       |     9 |    13 |    27 |     4 ||    53
    Use: Scroll            |       |     4 |     5 |     1 ||    10
         Potion            |       |       |     4 |       ||     4
   Stab: Paralysed         |       |     1 |       |       ||     1
 Armour: Animal skin       |    31 |     3 |       |       ||    34
         Scale mail        |       |    75 |   177 |    34 ||   286
         Skin              |       |       |     7 |       ||     7
  Dodge: Dodged            |    19 |    43 |    88 |    18 ||   168
